Map: 나이트쉐이드 - 래더

Players

Percival

  • Race: Terran Terran
  • League: Grandmaster
  • Spawn Location: 5:00

Zest - Winner!

  • Race: Protoss Protoss
  • League: Master
  • Spawn Location: 11:00

VOD

Have the link to the VOD?

Description

TvP Boy Pull

Time

  • Played on: May 12, 2020, 7:15 a.m.
  • Length: 7:54
Show
View Real Time Build Order
Export as new Build Order

Percival Terran 

Build Orders: Reaper Expand 

Get SALT Encoding   

  12  0:00  SCV  
  13  0:12  SCV  
  14  0:16  Supply Depot  
  14  0:24  SCV  
  15  0:38  SCV  
  15  0:40  Barracks  
  16  0:43  Refinery  
  16  0:50  SCV  
  17  1:02  SCV  
  18  1:14  SCV  
  19  1:28  Reaper, Orbital Command  
  20  1:44  Command Center  
  20  1:53  SCV  
  21  1:55  Supply Depot  
  21  1:59  Marine  
  22  2:05  SCV  
  23  2:12  Factory  
  23  2:17  SCV  
  23  2:20  Barracks Reactor  
  24  2:25  Bunker  
  24  2:29  SCV  
  25  2:33  Refinery  
  25  2:41  SCV  
  26  2:53  SCV  
  26  2:57  Orbital Command  
  27  2:59  Hellion  
  27  3:00  Starport  
  27  3:04  Marine x2  
  31  3:06  SCV  
  32  3:18  SCV  
  33  3:20  Widow Mine  
  33  3:22  Marine x2  
  33  3:24  Supply Depot  
  33  3:25  SCV  
  38  3:30  SCV  
  39  3:36  Medivac  
  39  3:37  SCV  
  39  3:39  Marine x2  
  44  3:42  SCV  
  45  3:49  SCV  
  45  3:52  Widow Mine  
  45  3:54  SCV  
  48  3:57  Marine x2  
  48  3:59  Supply Depot  
  48  4:01  SCV  
  49  4:05  Barracks  
  49  4:06  SCV  
  49  4:07  Starport Tech Lab  
  50  4:12  Supply Depot  
  50  4:13  SCV  
  50  4:15  Factory Tech Lab  
  50  4:16  Marine x2  
  53  4:18  SCV  
  53  4:21  Barracks  
  54  4:25  Raven  
  54  4:26  SCV  
  54  4:31  Engineering Bay, SCV  
  58  4:34  Refinery  
  58  4:38  Marine, SCV  
  58  4:40  Marine  
  58  4:43  SCV  
  62  4:48  Refinery, Supply Depot  
  62  4:50  SCV  
  63  4:55  Supply Depot  
  63  4:56  Marine, SCV  
  63  4:57  Marine  
  63  4:58  Stimpack  
  66  5:00  Marine  
  66  5:01  Factory Tech Lab  
  66  5:02  SCV  
  66  5:04  Terran Infantry Weapons Level 1  
  68  5:08  SCV  
  69  5:14  Marine  
  69  5:15  Marine, SCV  
  69  5:18  Marine, Supply Depot  
  69  5:20  Marine, Supply Depot  
  74  5:22  Combat Shield  
  74  5:26  Siege Tank  
  77  5:28  Starport Reactor  
  77  5:30  SCV  
  77  5:31  SCV  
  77  5:34  Marine x2  
  81  5:38  Marine x2, Supply Depot  
  83  5:52  Marine x2  
  83  5:55  Supply Depot  
  83  5:56  Marine x2  
  87  5:58  Siege Tank  
  87  6:03  Barracks x2  
  90  6:05  Medivac  
  90  6:06  Medivac  
  90  6:10  Marine x2  
  96  6:14  Marine x2  
  96  6:15  Supply Depot  
  96  6:18  Supply Depot  
  98  6:28  Marine x2  
  98  6:30  Siege Tank  
  98  6:31  Marine x2  
  105  6:35  Medivac  
  105  6:45  Marine x2  
  105  6:49  Marine x2  
  105  6:51  Marine x2  
  111  7:02  Siege Tank  
  111  7:03  Marine x2  
  111  7:07  Marine x2  
  118  7:09  Marine x2  
  116  7:21  Marine x2  
  105  7:25  Marine  
  105  7:26  SCV  
  105  7:27  Marine x2  
Show
View Real Time Build Order
Export as new Build Order

Zest Protoss - Winner!

Build Orders: 1 Gate Expand, Blink Stalkers 

Get SALT Encoding   

  12  0:00  Probe  
  13  0:12  Probe  
  14  0:17  Pylon  
  14  0:25  Probe (Chrono Boost)  
  15  0:37  Probe (Chrono Boost), Gateway  
  16  0:44  Probe (Chrono Boost)  
  16  0:45  Assimilator  
  17  0:51  Probe  
  18  1:03  Probe  
  19  1:15  Probe  
  20  1:25  Cybernetics Core  
  20  1:32  Nexus  
  20  1:34  Probe  
  21  1:41  Pylon  
  21  1:46  Probe  
  22  1:48  Assimilator  
  22  1:58  Adept (Chrono Boost), Probe (Chrono Boost)  
  25  2:01  Warp Gate  
  25  2:10  Probe (Chrono Boost)  
  26  2:17  Probe (Chrono Boost)  
  26  2:22  Twilight Council  
  27  2:28  Probe  
  28  2:31  Stalker  
  30  2:40  Probe  
  32  2:44  Probe  
  32  2:49  Gateway  
  32  2:52  Probe, Blink (Chrono Boost)  
  32  2:56  Probe  
  34  3:04  Probe  
  35  3:08  Stalker, Probe  
  38  3:16  Probe  
  39  3:20  Probe  
  40  3:28  Robotics Facility  
  40  3:29  Probe  
  40  3:32  Probe  
  42  3:39  Pylon  
  42  3:41  Probe  
  43  3:44  Probe  
  44  3:53  Probe  
  44  3:56  Probe  
  44  3:59  Sentry  
  44  4:01  Nexus  
  47  4:03  Stalker  
  47  4:04  Pylon  
  47  4:05  Probe  
  50  4:10  Probe, Assimilator  
  50  4:15  Observer  
  52  4:18  Pylon  
  52  4:19  Probe  
  52  4:22  Probe  
  54  4:26  Stalker  
  54  4:27  Stalker  
  54  4:31  Probe  
  59  4:34  Probe  
  60  4:39  Gateway  
  60  4:41  Gateway  
  60  4:44  Forge  
  60  4:52  Stalker x2  
  62  4:53  Probe  
  62  4:56  Probe  
  62  4:59  Observer (Chrono Boost)  
  67  5:05  Protoss Ground Weapons Level 1 (Chrono Boost)  
  68  5:07  Probe  
  68  5:08  Probe  
  68  5:11  Charge  
  70  5:14  Probe (Chrono Boost)  
  70  5:16  Warp Prism (Chrono Boost)  
  72  5:26  Probe (Chrono Boost)  
  72  5:28  Gateway x2  
  75  5:29  Probe x2 (Chrono Boost)  
  75  5:33  Probe (Chrono Boost), Sentry  
  78  5:39  Gateway  
  78  5:42  Probe, Gateway  
  79  5:45  Pylon  
  79  5:51  Immortal (Chrono Boost)  
  79  5:55  Sentry  
  85  5:59  Pylon  
  85  6:01  Photon Cannon, Shield Battery  
  85  6:14  Zealot  
  85  6:15  Zealot x2  
  85  6:17  Immortal (Chrono Boost)  
  95  6:18  Zealot  
  95  6:20  Probe x3  
  95  6:25  Pylon  
  100  6:26  Pylon  
  100  6:27  Pylon  
  98  6:39  Probe x2  
  99  6:40  Probe  
  99  6:50  Immortal (Chrono Boost)  
  99  6:51  Probe  
  104  7:03  Zealot x2  
  104  7:04  Zealot x6  
  118  7:25  Zealot x4  
  118  7:27  Zealot x3  
  118  7:28  Zealot  
  108  7:46  Zealot  
  108  7:47  Zealot x6  
Tags
 
Add a new tag
Caveats
  • Supply blocks, unpowered buildings, or Contaminate may cause inaccurate times.
  • Supply counts are checked every 10 seconds.